HSSL
BISHOP GORMAN HS BALBASAURS @ JOHN JAY HS PATRIOTS
04/21/2030
 
TOP OF THE 1ST
Bishop Gorman HS Balbasaurs batting - Pitching for John Jay HS Patriots : RHP Leslie Shaw
Pitching: RHP Leslie Shaw
Batting: RHB Lynwood Bryant 0-0: Ball
1-0: Ball
2-0: Called Strike
2-1: Ball
3-1: Base on Balls
Batting: RHB Júlio García 0-0: Fly out, F8 (Flyball, 8RM)
Batting: RHB Valentín Martínez 0-0: Called Strike
0-1: Ball
1-1: Swinging Strike
1-2: Strikes out swinging
Batting: LHB Daniel Smith 0-0: SINGLE (Groundball, 6) (infield hit)
Lynwood Bryant to second
Batting: SHB Cisco Moreno 0-0: Foul Ball, location: 2F
0-1: Swinging Strike
0-2: Ball
1-2: SINGLE (Flyball, 89M)
Lynwood Bryant to third
Daniel Smith to second
Runner from 3rd tries for Home, SAFE, no throw
Batting: RHB Alan Stephens 0-0: Ball
1-0: Called Strike
1-1: Foul Ball, location: 2F
1-2: Ball
2-2: Ball
3-2: Foul Ball, location: 2F
3-2: DOUBLE (Popup, 56D)
Daniel Smith scores
Cisco Moreno to third
Cisco Moreno scores
Batting: RHB Michael Sanford 0-0: Ground out 6-3 (Groundball, 56D)
Top of the 1st over - 3 runs, 3 hits, 0 errors, 1 left on base; Bishop Gorman HS 3 - John Jay HS 0
BOTTOM OF THE 1ST
John Jay HS Patriots batting - Pitching for Bishop Gorman HS Balbasaurs : RHP Vaughan Sellers
Pitching: RHP Vaughan Sellers
Batting: RHB Juan Méndez 0-0: Foul Ball, location: 2F
0-1: Swinging Strike
0-2: Ball
1-2: Strikes out swinging
Batting: LHB Robby Lynch 0-0: Ball
1-0: Ball
2-0: SINGLE (Groundball, 34D)
Batting: SHB Luis Peña 0-0: Ball
1-0: Ball
2-0: Foul Ball, location: 2F
2-1: Fly out, F3 (Line Drive, 3S)
Batting: LHB Dean Kelly 0-0: Ball
1-0: Ground out 4-3 (Groundball, 4)
Bottom of the 1st over - 0 runs, 1 hit, 0 errors, 1 left on base; Bishop Gorman HS 3 - John Jay HS 0
TOP OF THE 2ND
Bishop Gorman HS Balbasaurs batting - Pitching for John Jay HS Patriots : RHP Leslie Shaw
Batting: RHB John Miller 0-0: Fly out, F5 (Line Drive, 5S)
Batting: LHB Michel Gélinas 0-0: Foul Ball, location: 2F
0-1: Called Strike
0-2: Ball
1-2: Ball
2-2: Foul Ball, location: 2F
2-2: SINGLE (Groundball, 6MD)
Batting: RHB Lynwood Bryant 0-0: Ball
1-0: Ball
2-0: Called Strike
2-1: Ball
3-1: Base on Balls
Michel Gélinas to second
Batting: RHB Júlio García 0-0: Ball
1-0: Ball
2-0: Called Strike
2-1: Ball
3-1: Base on Balls
Michel Gélinas to third
Lynwood Bryant to second
Batting: RHB Valentín Martínez 0-0: Ball
1-0: Foul Ball, location: 2F
1-1: Ball
2-1: Foul Ball, location: 2F
2-2: Fly out, F7 (Flyball, 7S)
Batting: LHB Daniel Smith 0-0: Called Strike
0-1: Ball
1-1: Foul Ball, location: 2F
1-2: Foul Ball, location: 2F
1-2: Ball
2-2: Strikes out looking
Top of the 2nd over - 0 runs, 1 hit, 0 errors, 3 left on base; Bishop Gorman HS 3 - John Jay HS 0
BOTTOM OF THE 2ND
John Jay HS Patriots batting - Pitching for Bishop Gorman HS Balbasaurs : RHP Vaughan Sellers
Batting: RHB Gunnar Wallace 0-0: Ball
1-0: Ball
2-0: Called Strike
2-1: Called Strike
2-2: Ball
3-2: Strikes out swinging
Batting: SHB José Cuevas 0-0: Ball
1-0: Called Strike
1-1: SINGLE (Line Drive, 7S)
Batting: RHB Greg Pérez 0-0: Ball
1-0: Called Strike
1-1: Foul Ball, location: 2F
1-2: Ball
2-2: Ball
3-2: Strikes out looking
Batting: RHB José Rodríguez 0-0: SINGLE (Groundball, 6D)
José Cuevas to second
Batting: SHB António Villa 0-0: Foul Ball, location: 2F
0-1: Ball
1-1: Called Strike
1-2: Ball
2-2: Ball
3-2: Base on Balls
José Cuevas to third
José Rodríguez to second
Batting: RHB Juan Méndez 0-0: Called Strike
0-1: Foul Ball, location: 2F
0-2: Ball
1-2: Strikes out swinging
Bottom of the 2nd over - 0 runs, 2 hits, 0 errors, 3 left on base; Bishop Gorman HS 3 - John Jay HS 0
TOP OF THE 3RD
Bishop Gorman HS Balbasaurs batting - Pitching for John Jay HS Patriots : RHP Leslie Shaw
Batting: SHB Cisco Moreno 0-0: Ball
1-0: Ball
2-0: Called Strike
2-1: Ball
3-1: Called Strike
3-2: Foul Ball, location: 2F
3-2: Fly out, F3 (Flyball, 3D)
Batting: RHB Alan Stephens 0-0: Foul Ball, location: 2F
0-1: Foul Ball, location: 2F
0-2: Fly out, F7 (Line Drive, 78M)
Batting: RHB Michael Sanford 0-0: Swinging Strike
0-1: Ball
1-1: Ball
2-1: Foul Ball, location: 2F
2-2: Ball
3-2: Foul Ball, location: 2F
3-2: Ground out 4-3 (Groundball, 4)
Top of the 3rd over - 0 runs, 0 hits, 0 errors, 0 left on base; Bishop Gorman HS 3 - John Jay HS 0
BOTTOM OF THE 3RD
John Jay HS Patriots batting - Pitching for Bishop Gorman HS Balbasaurs : RHP Vaughan Sellers
Batting: LHB Robby Lynch 0-0: Ball
1-0: Foul Ball, location: 2F
1-1: Called Strike
1-2: SOLO HOME RUN (Flyball, 9D), Distance : 405 ft
Batting: SHB Luis Peña 0-0: Ball
1-0: Fly out, F9 (Flyball, 9D)
Batting: LHB Dean Kelly 0-0: Ball
1-0: Fly out, F2 (Popup, 2L)
Batting: RHB Gunnar Wallace 0-0: Called Strike
0-1: SINGLE (Groundball, 34D)
Batting: SHB José Cuevas 0-0: Fly out, F8 (Line Drive, 8RM)
Bottom of the 3rd over - 1 run, 2 hits, 0 errors, 1 left on base; Bishop Gorman HS 3 - John Jay HS 1
TOP OF THE 4TH
Bishop Gorman HS Balbasaurs batting - Pitching for John Jay HS Patriots : RHP Leslie Shaw
Batting: RHB John Miller 0-0: Ball
1-0: DOUBLE (Flyball, 89XD)
Batting: LHB Michel Gélinas 0-0: Ball
1-0: Called Strike
1-1: Foul Ball, location: 2F
1-2: Strikes out swinging
Batting: RHB Lynwood Bryant 0-0: Ball
1-0: Swinging Strike
1-1: Ball
2-1: Ball
3-1: Base on Balls
Batting: RHB Júlio García 0-0: Called Strike
0-1: Swinging Strike
0-2: Ball
1-2: Strikes out swinging
Pitching: RHP Edgar Bailey
Batting: RHB Valentín Martínez 0-0: Called Strike
0-1: Fly out, F8 (Flyball, 8LD)
Top of the 4th over - 0 runs, 1 hit, 0 errors, 2 left on base; Bishop Gorman HS 3 - John Jay HS 1
BOTTOM OF THE 4TH
John Jay HS Patriots batting - Pitching for Bishop Gorman HS Balbasaurs : RHP Vaughan Sellers
Batting: RHB Greg Pérez 0-0: Called Strike
0-1: Fly out, F7 (Flyball, 7S)
Batting: RHB José Rodríguez 0-0: Called Strike
0-1: Ball
1-1: SINGLE (Line Drive, 89S)
Batting: SHB António Villa 0-0: SINGLE (Line Drive, 4M)
José Rodríguez to second
Batting: RHB Juan Méndez 0-0: Called Strike
0-1: Fly out, F3 (Popup, 23F)
Batting: LHB Robby Lynch 0-0: Ball
1-0: Ball
2-0: Foul Ball, location: 2F
2-1: Called Strike
2-2: Foul Ball, location: 2F
2-2: Fielders Choice at 2nd, 6-4 (Groundball, 6D)
Bottom of the 4th over - 0 runs, 2 hits, 0 errors, 2 left on base; Bishop Gorman HS 3 - John Jay HS 1
TOP OF THE 5TH
Bishop Gorman HS Balbasaurs batting - Pitching for John Jay HS Patriots : RHP Edgar Bailey
Batting: LHB Daniel Smith 0-0: Foul Ball, location: 2F
0-1: Foul Ball, location: 2F
0-2: Foul Ball, location: 2F
0-2: Ball
1-2: Ball
2-2: DOUBLE (Line Drive, 9LM)
Batting: SHB Cisco Moreno 0-0: Called Strike
0-1: Swinging Strike
0-2: Foul Ball, location: 2F
0-2: Ball
1-2: Ball
2-2: Ball
3-2: Ground out 4-3 (Groundball, 4)
Daniel Smith to third
Batting: RHB Alan Stephens 0-0: Called Strike
0-1: Ball
1-1: Ball
2-1: DOUBLE (Line Drive, 78D)
Daniel Smith scores
Batting: RHB Michael Sanford 0-0: Ball
1-0: Called Strike
1-1: Ball
2-1: Ball
3-1: Foul Ball, location: 2F
3-2: Ground out U3 (Groundball, 34)
Alan Stephens to third
Batting: RHB John Miller 0-0: Called Strike
0-1: Called Strike
0-2: Strikes out swinging
Top of the 5th over - 1 run, 2 hits, 0 errors, 1 left on base; Bishop Gorman HS 4 - John Jay HS 1
BOTTOM OF THE 5TH
John Jay HS Patriots batting - Pitching for Bishop Gorman HS Balbasaurs : RHP Vaughan Sellers
Batting: SHB Luis Peña 0-0: SOLO HOME RUN (Line Drive, 9LD), Distance : 347 ft
Batting: LHB Dean Kelly 0-0: Called Strike
0-1: Swinging Strike
0-2: Foul Ball, location: 2F
0-2: SOLO HOME RUN (Flyball, 9LD), Distance : 365 ft
Batting: RHB Gunnar Wallace 0-0: Ball
1-0: Ball
2-0: Ball
3-0: Called Strike
3-1: Called Strike
3-2: Ground out 4-3 (Groundball, 4M)
Batting: SHB José Cuevas 0-0: Ball
1-0: Ball
2-0: Called Strike
2-1: Fly out, F8 (Flyball, 78M)
Batting: RHB Greg Pérez 0-0: Ball
1-0: Foul Ball, location: 2F
1-1: Swinging Strike
1-2: Ball
2-2: Foul Ball, location: 2F
2-2: Strikes out looking
Bottom of the 5th over - 2 runs, 2 hits, 0 errors, 0 left on base; Bishop Gorman HS 4 - John Jay HS 3
TOP OF THE 6TH
Bishop Gorman HS Balbasaurs batting - Pitching for John Jay HS Patriots : RHP Edgar Bailey
Batting: LHB Michel Gélinas 0-0: Ball
1-0: Ball
2-0: Ball
3-0: Base on Balls
Batting: RHB Lynwood Bryant 0-0: Ball
1-0: Foul Ball, location: 2F
1-1: Called Strike
1-2: Foul Ball, location: 2F
1-2: Strikes out swinging
Batting: RHB Júlio García 0-0: Foul Ball, location: 2F
0-1: Ball
1-1: Ball
2-1: Swinging Strike
2-2: Fly out, F6 (Popup, 6D)
Batting: RHB Valentín Martínez 0-0: Ball
1-0: Swinging Strike
1-1: Fly out, F9 (Flyball, 89D)
Top of the 6th over - 0 runs, 0 hits, 0 errors, 1 left on base; Bishop Gorman HS 4 - John Jay HS 3
BOTTOM OF THE 6TH
John Jay HS Patriots batting - Pitching for Bishop Gorman HS Balbasaurs : RHP Vaughan Sellers
Pitching: RHP Joaquín Ruíz
Batting: RHB José Rodríguez 0-0: Ball
1-0: Ball
2-0: Ball
3-0: Base on Balls
Batting: SHB António Villa 0-0: Ground out 4-3 (Groundball, 4S)
José Rodríguez to second
Batting: RHB Juan Méndez 0-0: Ball
1-0: Ball
2-0: Fly out, F4 (Popup, 4)
Batting: LHB Robby Lynch 0-0: Ball
1-0: Fly out, F8 (Line Drive, 8LS)
Bottom of the 6th over - 0 runs, 0 hits, 0 errors, 1 left on base; Bishop Gorman HS 4 - John Jay HS 3
TOP OF THE 7TH
Bishop Gorman HS Balbasaurs batting - Pitching for John Jay HS Patriots : RHP Edgar Bailey
Batting: LHB Daniel Smith 0-0: Foul Ball, location: 2F
0-1: Ball
1-1: SINGLE (Flyball, 78S)
Batting: SHB Cisco Moreno 0-0: Ball
1-0: Foul Ball, location: 2F
1-1: Foul Ball, location: 2F
1-2: Ball
2-2: Foul Ball, location: 2F
2-2: Strikes out swinging
Pitching: RHP Dave Pierce
Batting: RHB Alan Stephens 0-0: SINGLE (Flyball, 89S)
Daniel Smith to second
Batting: RHB Michael Sanford 0-0: Called Strike
0-1: Ball
1-1: Swinging Strike
1-2: Ball
2-2: SINGLE (Groundball, 4MD)
Daniel Smith to third
Alan Stephens to second
Batting: RHB John Miller 0-0: Ball
1-0: Ball
2-0: Ball
3-0: Called Strike
3-1: Base on Balls
Daniel Smith scores
Alan Stephens to third
Michael Sanford to second
Pinch Hitting: RHB William Young 0-0: Called Strike
0-1: Swinging Strike
0-2: Foul Ball, location: 2F
0-2: Strikes out swinging
Batting: RHB Lynwood Bryant 0-0: SINGLE (Flyball, 89S)
Alan Stephens scores
Michael Sanford to third
John Miller to second
Runner from 3rd tries for Home, SAFE, throw made home
Batting: RHB Júlio García 0-0: Foul Ball, location: 2F
0-1: Foul Ball, location: 2F
0-2: SINGLE (Groundball, 6MD)
John Miller to third
Lynwood Bryant to second
Runner from 3rd tries for Home, SAFE, no throw
Batting: RHB Valentín Martínez 0-0: Ball
1-0: Ball
2-0: SINGLE (Flyball, 78S)
Lynwood Bryant to third
Júlio García to second
Runner from 3rd tries for Home, SAFE, throw made home
Pitching: RHP Chad Davis
Batting: LHB Daniel Smith 0-0: Swinging Strike
0-1: Ball
1-1: Fly out, F9 (Flyball, 9S)
Top of the 7th over - 5 runs, 6 hits, 0 errors, 2 left on base; Bishop Gorman HS 9 - John Jay HS 3
BOTTOM OF THE 7TH
John Jay HS Patriots batting - Pitching for Bishop Gorman HS Balbasaurs : RHP Joaquín Ruíz
Now in CF: Robert Reeves Jr.
Batting: SHB Luis Peña 0-0: Ball
1-0: Called Strike
1-1: Ball
2-1: Swinging Strike
2-2: Strikes out swinging
Batting: LHB Dean Kelly 0-0: Called Strike
0-1: Ball
1-1: Foul Ball, location: 2F
1-2: Ball
2-2: Ball
3-2: SINGLE (Groundball, 34D)
Batting: RHB Gunnar Wallace 0-0: Called Strike
0-1: Ball
1-1: Ball
2-1: Swinging Strike
2-2: Ball
3-2: Foul Ball, location: 2F
3-2: Strikes out swinging
Batting: SHB José Cuevas 0-0: Ball
1-0: Ball
2-0: Ball
3-0: Called Strike
3-1: Base on Balls
Dean Kelly to second
Batting: RHB Greg Pérez 0-0: Called Strike
0-1: Ball
1-1: Called Strike
1-2: Ball
2-2: Strikes out swinging
Bottom of the 7th over - 0 runs, 1 hit, 0 errors, 2 left on base; Bishop Gorman HS 9 - John Jay HS 3
TOP OF THE 8TH
Bishop Gorman HS Balbasaurs batting - Pitching for John Jay HS Patriots : RHP Chad Davis
Batting: SHB Cisco Moreno 0-0: Ball
1-0: Ball
2-0: Called Strike
2-1: Ball
3-1: Base on Balls
Batting: RHB Alan Stephens 0-0: SINGLE (Line Drive, 34)
Cisco Moreno to second
Batting: RHB Michael Sanford 0-0: Foul Ball, location: 2F
0-1: Ball
1-1: 3-RUN HOME RUN (Flyball, 7LD), Distance : 375 ft
Batting: RHB John Miller 0-0: Ball
1-0: Ball
2-0: Ball
3-0: Base on Balls
Batting: LHB Robert Reeves Jr. 0-0: Fielders Choice at 2nd, 3-6 (Groundball, 34)
Batting: RHB Lynwood Bryant 0-0: Called Strike
0-1: Ball
1-1: Ball
2-1: Fielders Choice at 2nd, 6-4 (Groundball, 56)
Batting: RHB Júlio García 0-0: Ball
1-0: Ball
2-0: Called Strike
2-1: Ball
3-1: Foul Ball, location: 2F
3-2: Foul Ball, location: 2F
3-2: Ground out 6-3 (Groundball, 6)
Top of the 8th over - 3 runs, 2 hits, 0 errors, 1 left on base; Bishop Gorman HS 12 - John Jay HS 3
BOTTOM OF THE 8TH
John Jay HS Patriots batting - Pitching for Bishop Gorman HS Balbasaurs : RHP Joaquín Ruíz
Batting: RHB José Rodríguez 0-0: Called Strike
0-1: Ball
1-1: DOUBLE (Flyball, 89D)
Batting: SHB António Villa 0-0: Called Strike
0-1: Ball
Wild Pitch!
José Rodríguez to third
1-1: Called Strike
1-2: Ball
2-2: Strikes out swinging
Batting: RHB Juan Méndez 0-0: Called Strike
0-1: Ball
1-1: Called Strike
1-2: SINGLE (Groundball, 4MS) (infield hit)
José Rodríguez scores
Batting: LHB Robby Lynch 0-0: Ball
1-0: Foul Ball, location: 2F
1-1: Fly out, F5 (Popup, 6S)
Batting: SHB Luis Peña 0-0: Ball
1-0: Ball
2-0: Ball
3-0: Base on Balls
Juan Méndez to second
Batting: LHB Dean Kelly 0-0: Called Strike
0-1: Fly out, F6 (Popup, 6)
Bottom of the 8th over - 1 run, 2 hits, 0 errors, 2 left on base; Bishop Gorman HS 12 - John Jay HS 4
TOP OF THE 9TH
Bishop Gorman HS Balbasaurs batting - Pitching for John Jay HS Patriots : RHP Chad Davis
Batting: RHB Valentín Martínez 0-0: Foul Ball, location: 2F
0-1: Ball
1-1: Foul Ball, location: 2F
1-2: Strikes out looking
Batting: LHB Daniel Smith 0-0: Ball
1-0: Called Strike
1-1: Swinging Strike
1-2: Ball
2-2: Foul Ball, location: 2F
2-2: Strikes out swinging
Batting: SHB Cisco Moreno 0-0: Foul Ball, location: 2F
0-1: Ball
1-1: Ball
2-1: Foul Ball, location: 2F
2-2: Foul Ball, location: 2F
2-2: Strikes out swinging
Top of the 9th over - 0 runs, 0 hits, 0 errors, 0 left on base; Bishop Gorman HS 12 - John Jay HS 4
BOTTOM OF THE 9TH
John Jay HS Patriots batting - Pitching for Bishop Gorman HS Balbasaurs : RHP Joaquín Ruíz
Pitching: RHP Mike Peters
Batting: RHB Gunnar Wallace 0-0: Ball
1-0: Foul Ball, location: 2F
1-1: Fly out, F8 (Flyball, 8LD)
Batting: SHB José Cuevas 0-0: Called Strike
0-1: Foul Ball, location: 2F
0-2: Foul Ball, location: 2F
0-2: Ball
1-2: Strikes out swinging
Batting: RHB Greg Pérez 0-0: Called Strike
0-1: Ball
1-1: Ground out U3 (Groundball, 23)
Bottom of the 9th over - 0 runs, 0 hits, 0 errors, 0 left on base; Bishop Gorman HS 12 - John Jay HS 4
Saturday, April 7th, 2018 - OOTP Baseball 18.8 Build 76